 Dungeon Crawl Stone Soup version 0.22-a0-305-gd21a89c (webtiles) character file.

327 xccam the Chopper (level 6, -1/47 HPs)
             Began as a Formicid Fighter on Mar 31, 2018.
             Killed by nerve-wracking pain
             ... invoked by an orc priest
              (12 damage)
             ... on level 4 of the Dungeon.
             The game lasted 00:02:43 (1777 turns).

xccam the Chopper (Formicid Fighter)                Turns: 1777, Time: 00:02:44

Health: -1/47      AC:  8    Str: 27    XL:     6   Next: 79%
Magic:  6/6        EV:  8    Int:  8    God:
Gold:   127        SH: 10    Dex: 10    Spells: 5/5 levels left

rFire    . . .     SeeInvis +   a - +0 war axe
rCold    . . .     Gourm    .   c - +0 shield
rNeg     . . .     Faith    .   b - +0 scale mail
rPois    .         Spirit   .   (helmet unavailable)
rElec    .         Reflect  .   l - +0 cloak
rCorr    .         Harm     .   (no gloves)
MR       .....                  (no boots)
Stlth    ..........             (no amulet)
HPRegen  0.15/turn              (no ring)
MPRegen  0.10/turn              (no ring)

@: mighty
A: permanent stasis, dig shafts and tunnels, four strong arms, antennae 3
a: Dig, Shaft Self


You were on level 4 of the Dungeon.
You were not hungry.

You visited 1 branch of the dungeon, and saw 4 of its levels.

You collected 127 gold pieces.

Inventory:

Hand Weapons
 a - a +0 war axe (weapon)
Armour
 b - a +0 scale mail (worn)
 c - a +0 shield (worn)
 l - a +0 cloak (worn)
Jewellery
 g - an uncursed ring of fire {unknown}
 j - an uncursed amulet of harm {unknown}
Scrolls
 i - 2 scrolls of teleportation {unknown}
 k - a scroll of identify {unknown}
 m - a scroll of remove curse {unknown}
 p - a scroll of blinking {unknown}
Potions
 e - a potion of berserk rage {unknown}
 h - a potion of curing {unknown}
 n - a potion of heal wounds {unknown}
 o - a potion of ambrosia {unknown}
 q - a potion of lignification {unknown}
Comestibles
 f - 5 rations
 r - a chunk of flesh


   Skills:
 - Level 3.2 Fighting
 + Level 6.7 Axes
 - Level 3.2 Armour
 - Level 3.6 Shields


You had 5 spell levels left.
You didn't know any spells.

Dungeon Overview and Level Annotations

Branches:
Dungeon (4/15)
 Temple: D:4-7

Altars:
Ashenzari
Xom


Innate Abilities, Weirdness & Mutations

You cannot be hasted, slowed, berserked, paralysed or teleported.
You can dig through walls and to a lower floor.
Your four strong arms can wield two-handed weapons with a shield.
You have a pair of large antennae on your head. (SInv)


Message History

* * * LOW HITPOINT WARNING * * *
The orc wizard hits you but does no damage.
You block the orc's attack. The orc barely misses you.
You block the orc wizard's attack.
The orc priest hits you with a hand axe.
* * * LOW HITPOINT WARNING * * *
Your shield prevents you from hitting the orc wizard.
The orc wizard is heavily wounded.
You slash the orc!
You kill the orc!
You barely miss the orc priest.
Your shield prevents you from hitting the orc.
You slash the orc wizard!
You kill the orc wizard!
You hit the orc.
The orc wizard looks satisfied for a moment.
The orc completely misses you. You block the orc's attack.
The orc priest calls down the wrath of Beogh upon you.
Pain shoots through your body!
You die...

#†## .# ##..# .#
#...######.#
.##.....##.#.##
#.........#....#######.
##...####..............
#... ##..........##
##.. ##..###o....## ##.
#...o@)......
#.....)oo.....#
......###s.#...#.
.......# .#.%.....
........ # .....#.
...#.... .##..# ##.#.#.
.# ... .. .. ..


You could see a scorpion, an orc priest, an orc wizard and 2 orcs.

Vanquished Creatures
  A scorpion (D:4)
  Crazy Yiuf (D:2)
  Jessica (D:2)
  3 orc wizards
  4 adders
  2 worms (D:2)
  3 dart slugs
  A leopard gecko (D:2)
  14 orcs
  2 ball pythons (D:3)
  2 giant cockroaches
  9 goblins
  10 hobgoblins
  7 jackals
  5 kobolds
  6 bats
  6 frilled lizards
  6 rats
83 creatures vanquished.

Notes
Turn   | Place    | Note
-------+----------+-------------------------------------------
     0 | D:1      | xccam the Formicid Fighter began the quest for the Orb.
     0 | D:1      | Reached XP level 1. HP: 18/18 MP: 1/1
   129 | D:1      | Reached XP level 2. HP: 14/24 MP: 2/2
   147 | D:1      | Reached skill level 3 in Axes
   230 | D:1      | Reached XP level 3. HP: 25/29 MP: 3/3
   582 | D:2      | Reached skill level 4 in Axes
   582 | D:2      | Reached XP level 4. HP: 12/35 MP: 4/4
  1018 | D:2      | Noticed Jessica
  1019 | D:2      | Killed Jessica
  1077 | D:2      | Found a runed door.
  1081 | D:2      | Noticed Crazy Yiuf
  1086 | D:2      | Killed Crazy Yiuf
  1086 | D:2      | Reached skill level 5 in Axes
  1086 | D:2      | Reached XP level 5. HP: 28/41 MP: 5/5
  1185 | D:3      | Reached XP level 6. HP: 30/47 MP: 6/6
  1193 | D:3      | Found a shattered altar of Ashenzari.
  1262 | D:3      | Reached skill level 6 in Axes
  1517 | D:3      | Found a shimmering altar of Xom.
  1777 | D:4      | Killed from afar by an orc priest

Vault maps used:
D:1:      dpeg_arrival_leaves_temple_mockup
D:2:      uniq_jessica, uniq_crazy_yiuf_cottage
D:3:      lemuel_crystal_altar, cheibrodos_ashenzari_chains
D:4:      nicolae_gozag_cash_rules_everything_around_me, temple_green,
          first_ration, cheibrodos_sewer_entry_drain, kennysheep_boxes,
          uniq_sigmund

Skill      XL: |  1  2  3  4  5  6 |
---------------+-------------------+-----
Axes           | 3 4 5 6 |  6.7
Fighting       | |  3.2
Armour         | |  3.2
Shields        | |  3.6

Action                   |  1- 3 |  4- 6 || total
-------------------------+-------+-------++-------
Melee: War axe           |    87 |   143 ||   230
  Use: Potion            |       |     1 ||     1
  Eat: Chunk             |       |     3 ||     3
Armor: Scale mail        |    28 |    86 ||   114
Dodge: Dodged            |    22 |    73 ||    95
Block: Shield            |    37 |    90 ||   127

Table legend:
 A = Spawn XP
 B = Non-spawn XP
 C = Spawn XP percentage of total XP
 D = Spawn monster count
 E = Non-spawn monster count
 F = Spawn count percentage of total count
 G = Total turns spent on level
                    A         B        C        D         E        F      G
               +---------+---------+-------+---------+---------+-------+---------
         Total |       0 |     468 |   0.0 |       0 |      83 |   0.0 |  1777
               +---------+---------+-------+---------+---------+-------+---------
           D:1 |       0 |      47 |   0.0 |       0 |      25 |   0.0 |   467
           D:2 |       0 |     130 |   0.0 |       0 |      23 |   0.0 |   685
           D:3 |       0 |     162 |   0.0 |       0 |      27 |   0.0 |   581
           D:4 |       0 |     129 |   0.0 |       0 |       8 |   0.0 |    44
               +---------+---------+-------+---------+---------+-------+---------
